[Event "Julius Baer Generation Cup Prelims 2022"]
[Site "Online"]
[Date "2022.09.14"]
[Round "13.8"]
[White "Aronian, Levon"]
[Black "Praggnanandhaa R"]
[Result "1-0"]
[ECO "A34"]
[WhiteElo "2759"]
[BlackElo "2676"]
[Annotator "TA"]
[PlyCount "89"]
[EventDate "2022.09.12"]
[EventType "tourn"]
[EventCountry "NET"]
[SourceTitle "playchess.com"]
[Source "ChessBase"]
[SourceQuality "1"]
[TimeControl "900+10"]

1. c4 c5 2. Nc3 Nf6 3. Nf3 Nc6 4. e3 e6 5. b3 d5 6. cxd5 {[%emt 0:00:01] A34: Symmetrical English: 2 Nc3, lines with ...d5.} exd5 7. Bb2 d4 8. Na4 {[%emt 0:00:02] The position is equal.} Bd7 9. Rc1 b6 10. exd4 Nxd4 11. Nxd4 cxd4 {[%emt 0:00:01] [#]} 12. Bxd4 $146 ({Predecessor:} 12. Ba6 Be7 13. Bxd4 Bg4 14. Qc2 O-O 15. Bxf6 Bxf6 16. O-O {½-½ (40) Kurylo,R (2317)-Crielesi,G (2303) ICCF email 2018}) 12... Be7 13. Bb2 O-O 14. Be2 Nd5 15. O-O Nf4 16. Bf3 Rc8 17. Rxc8 Bxc8 18. Qa1 f6 19. d4 Qd7 (19... Ba6 $11) 20. Bc1 $14 Bd6 21. Bxf4 Bxf4 22. Rd1 Ba6 23. g3 Bd6 {[%emt 0:00:14] [#]} 24. Nc5 $1 bxc5 25. dxc5 {[%emt 0:00:00][%mdl 64] Discovered Attack} Be5 26. Rxd7 {[%emt 0:00:02] White threatens Qd1 and mate.} Bxa1 27. Rxa7 {[%emt 0:00:01] White has more active pieces.} Bd3 28. a4 ({White should play} 28. Bd5+ $16 Kh8 29. c6) 28... Re8 $11 {[%emt 0:00:47] ( -> ...Re1+)} 29. h4 Bc3 (29... Kf8 $11 {remains equal.}) 30. c6 g5 31. hxg5 fxg5 32. Rd7 ({White should try} 32. c7 $16 {Hoping for Bg4.} Bf5 33. a5) 32... Ba6 33. Bd5+ Kh8 34. c7 {[%emt 0:00:04] Black must now prevent Rd8.} Ba5 35. b4 Bxb4 (35... Bc8 $2 {[#]} 36. bxa5 $1 Bxd7 37. a6 $18) 36. Rd8 Rf8 37. Bc4 {[%emt 0:00:01][%mdl 1024] White has compensation.} Bc8 38. a5 Kg7 39. Rd5 {[%emt 0:00:24] And now a6 would win.} h6 $2 (39... Be1 $11 {and Black stays safe.} 40. Rxg5+ Kh8) 40. a6 $18 Be1 $2 (40... Bh3 41. Bb5 Ba5) 41. f4 $1 {[%emt 0:00:25][%mdl 64] Threatens to win with a7. Promotion} gxf4 (41... Be6 $18 42. Rd8 Ba5 43. Rxf8 (43. Bxe6 Rxd8 44. cxd8=N Bxd8 $16) 43... Bxc7) 42. a7 {[%emt 0:00:02] White mates.} ({Avoid the trap} 42. Rd8 $2 Ba5 43. gxf4 Bxc7 44. Rxf8 Kxf8 $19) 42... Bb7 43. Rd8 Bb4 44. Rxf8 Bc5+ 45. Kf1 {[%emt 0:00:02] Weighted Error Value: White=0.08 (flawless) /Black=0.46} 1-0

[Event "Julius Baer Generation Cup Prelims 2022"]
[Site "Online"]
[Date "2022.09.14"]
[Round "14.1"]
[White "Giri, Anish"]
[Black "Praggnanandhaa R"]
[Result "1/2-1/2"]
[ECO "B30"]
[WhiteElo "2764"]
[BlackElo "2676"]
[Annotator "TA"]
[PlyCount "104"]
[EventDate "2022.09.12"]
[EventType "tourn"]
[EventCountry "NET"]
[SourceTitle "playchess.com"]
[Source "ChessBase"]
[SourceQuality "1"]
[TimeControl "900+10"]

1. e4 {[%emt 0:00:00] Szabo,Kr} c5 2. Nf3 Nc6 3. Bb5 e6 4. O-O Nge7 5. Re1 a6 6. Bf1 d5 7. exd5 Nxd5 8. d4 Nf6 9. Be3 cxd4 {[%emt 0:00:02] B30: Sicilian: 2...Nc6 3 Bb5, lines without ...g6.} 10. Nxd4 Bd7 11. c4 (11. Nd2 {feels hotter.} Qc7 12. Nc4 b5 13. Nb6) 11... Ne5 {[%emt 0:00:03] White has an edge.} 12. h3 {[%emt 0:00:34] Prevents Neg4.} Be7 13. Nc3 O-O 14. Qb3 Qc7 15. Rac1 Rac8 16. Na4 Rcd8 {[%emt 0:00:03] 16...Ng6 is the modern continuation.} 17. Qb6 {[%emt 0:00:19] [#]} Qc8 $146 ({Predecessor:} 17... Qxb6 18. Nxb6 Be8 19. a3 Ned7 20. Nb3 Nxb6 21. Bxb6 Rc8 22. Be3 Rb8 23. Bc5 Bxc5 24. Nxc5 {½-½ (40) Anand,V (2786)-Gelfand,B (2755) Moscow 2013 CBM 155 [Szabo,Kr]}) 18. Qa5 Qb8 19. b4 Be8 20. b5 axb5 21. Nxb5 Nd3 {[%emt 0:03:02] [#] Strongly threatening ...Bb4.} 22. Bxd3 Rxd3 23. Rcd1 (23. Nb2 $11 {remains equal.} Rd7 24. Bd4) 23... Rxd1 $17 24. Rxd1 Bc6 25. Na7 Be4 26. Nc3 Bg6 27. c5 {[%emt 0:01:49] [#] Black must now prevent c6.} Ne4 (27... Qe5 $11) 28. c6 $1 $14 bxc6 ({Weaker is} 28... b6 29. Bxb6 Nxc3 30. c7 Ne2+ 31. Kh2 $16 (31. Kf1 Qa8 $14)) 29. Nxc6 Qe8 30. Nxe7+ Qxe7 31. Nxe4 Bxe4 32. Qe5 Ba8 33. Bc5 Qb7 34. f3 {[%emt 0:00:19] Active counter play!} Re8 35. Qd6 h6 {[%emt 0:00:14] The position is equal.} 36. Qb6 (36. a4 {is more complex.} Qb3 37. a5 Rc8 38. Ra1) 36... Qxb6 37. Bxb6 $11 {[%emt 0:00:00][%mdl 4096] Endgame KRB-KRB} Bc6 38. Rd8 Rxd8 39. Bxd8 {[%emt 0:00:00] KB-KB} e5 40. a3 f6 41. h4 Kf7 42. Kf2 Ke6 43. g3 h5 44. Ba5 g6 45. Bb4 f5 46. f4 exf4 47. gxf4 Kd5 48. Ke3 Kc4 49. Be7 Bb5 50. Bb4 Bc6 51. Be7 Bb5 52. Bb4 Bc6 {[%emt 0:00:00] Weighted Error Value: White=0.07 (flawless) /Black=0.06 (flawless)} 1/2-1/2

[Event "Julius Baer Generation Cup Prelims 2022"]
[Site "Online"]
[Date "2022.09.14"]
[Round "14.3"]
[White "Ivanchuk, Vasyl"]
[Black "Niemann, Hans Moke"]
[Result "0-1"]
[ECO "C65"]
[WhiteElo "2678"]
[BlackElo "2688"]
[Annotator "TA"]
[PlyCount "68"]
[EventDate "2022.09.12"]
[EventType "tourn"]
[EventCountry "NET"]
[SourceTitle "playchess.com"]
[Source "ChessBase"]
[SourceQuality "1"]
[TimeControl "900+10"]

1. e4 e5 2. Nf3 Nc6 3. Bb5 Nf6 4. d3 Bc5 5. c3 O-O 6. Nbd2 {[%emt 0:00:59] C65: Ruy Lopez: Berlin Defence (3...Nf6), unusual lines and 4 0-0 Bc5.} Re8 7. O-O a6 (7... Bb6 {keeps more tension.} 8. Nc4 d5 9. exd5 Qxd5 10. a4 Bg4) 8. Bxc6 {[%emt 0:00:25] The position is equal.} dxc6 9. Nc4 Nd7 10. Re1 Bf8 11. d4 exd4 12. cxd4 Nf6 {[%emt 0:00:48] [#]} 13. Bg5 $146 (13. Nce5 {with more complications.} Nxe4 14. Rxe4 f6 15. Bf4) ({Predecessor:} 13. Nce5 Be6 14. h3 Nd7 15. Nd3 f6 16. Qc2 Bf7 17. Bd2 a5 18. b3 Ba3 19. Rad1 {1-0 (45) Alekseev,E (2683)-Godena,M (2526) Eilat 2012}) 13... h6 14. Bxf6 Qxf6 15. h3 b6 16. Qb3 Be6 {[%emt 0:00:34] [#] ...b5 is the strong threat.} (16... c5 $5 ) 17. Qc3 c5 18. d5 Qxc3 19. bxc3 Bd7 20. a4 f6 21. Ncd2 b5 22. axb5 axb5 23. c4 b4 24. Kf1 c6 25. Nb3 Rxa1 26. Rxa1 Rxe4 27. Ra7 Be8 {[%emt 0:00:32] [#] Hoping for ...cxd5.} 28. Nfd2 (28. dxc6 $17 {might work better.} Bxc6 29. Rc7) 28... Re7 $19 29. Ra8 (29. Rxe7 Bxe7 30. d6 Bxd6 31. Ne4) 29... cxd5 30. cxd5 Bb5+ 31. Kg1 c4 32. Nd4 Re1+ 33. Kh2 c3 34. N2b3 Re8 {[%emt 0:00:04] Weighted Error Value: White=0.22 (precise) /Black=0.04 (flawless)} 0-1

[Event "Julius Baer Generation Cup Prelims 2022"]
[Site "Online"]
[Date "2022.09.14"]
[Round "14.4"]
[White "Duda, Jan-Krzysztof"]
[Black "Navara, David"]
[Result "0-1"]
[ECO "A29"]
[WhiteElo "2731"]
[BlackElo "2681"]
[Annotator "TA"]
[PlyCount "78"]
[EventDate "2022.09.12"]
[EventType "tourn"]
[EventCountry "NET"]
[SourceTitle "playchess.com"]
[Source "ChessBase"]
[SourceQuality "1"]
[TimeControl "900+10"]

1. c4 e5 2. g3 Nf6 3. Bg2 d5 4. cxd5 Nxd5 5. Nc3 Nb6 6. d3 Be7 7. Nf3 Nc6 8. O-O O-O 9. a3 Be6 10. b4 {[%emt 0:01:00][%cal Bb2b4,Bb4b5][%mdl 32] 10.Be3 is more fashionable.} a5 11. b5 Nd4 12. Rb1 {[%emt 0:00:32] A29: English Opening: Four Knights Variation with 4 g3.} Nd5 13. Na4 Nxf3+ 14. Bxf3 {[%emt 0:00:00] The position is equal.} Qd7 15. d4 {[%emt 0:02:46] [#]} Rad8 $146 (15... exd4 $11 16. Qxd4 b6) ({Predecessor:} 15... exd4 16. Qxd4 Bf6 17. Qd2 Qd6 18. Rd1 Rfd8 19. e4 Ne7 20. Qc2 Bd4 21. Be3 Qxa3 22. Rd3 Qa2 23. Qd1 Nf5 24. exf5 Bxf5 25. Rb2 {1-0 (25) Gierth,K (2335)-Roberts,D ICCF email 2006}) 16. dxe5 $14 Bh3 17. Re1 Qe6 $1 {[%emt 0:00:01][%cal Od5e3] White must now prevent ...Ne3!} 18. Qc2 Qxe5 19. Bb2 Qg5 20. Red1 h5 (20... Rd7 $11) 21. Rd3 ({White should play} 21. Qc1 $14 Qf5 22. Qc4) 21... Nb6 $11 22. Nxb6 cxb6 23. Bd4 Qg6 {[%emt 0:00:16] Strongly threatening ...Rxd4.} 24. Qc3 {[%emt 0:00:43] [#]} (24. e4 $11 {keeps the balance.}) 24... Bxa3 $1 $17 {[%emt 0:00:28][%mdl 512] ...Bb4 is the strong threat. Black continues to play with concentration.} 25. Rbd1 (25. Ra1 $142 Bb4 26. Qc7) (25. Rdd1 Bb4) 25... Bb4 $36 {[%emt 0:00:10][%mdl 2048] Black is really pushing.} 26. Qc7 Bf5 27. e4 $2 (27. Re3) 27... Bxe4 $19 28. Bxe4 Qxe4 29. Re3 Qg4 ({Not} 29... Rxd4 30. Rxe4 Rxd1+ 31. Kg2 $11) 30. f3 $2 (30. Red3 Rd7 31. Qc2) 30... Qf5 ({Don't blunder} 30... Rxd4 $2 31. fxg4 Rxd1+ 32. Kg2 Rd2+ 33. Kf1 hxg4 34. Re4 $19) 31. Qc1 {[%emt 0:00:12] [#]} Rxd4 $1 32. Rxd4 Bc5 33. Qd1 Rc8 34. Kg2 Bxd4 35. Qxd4 Rc2+ 36. Kg1 Rc1+ (36... Qxb5 $142 37. Qd8+ Kh7) 37. Kg2 Rc2+ (37... Qxb5 $142 38. g4 Qf1+ 39. Kg3 Rc4 40. Qd8+ Kh7 41. Qd3+ Qxd3 42. Rxd3 a4 43. gxh5 b5) 38. Kg1 $1 Qxb5 {[%emt 0:00:05] ( -> ...Qb1+)} 39. Qe4 Rc1+ {[%emt 0:00:07] Weighted Error Value: White=0.90/Black=0.48} 0-1

[Event "Julius Baer Generation Cup Prelims 2022"]
[Site "Online"]
[Date "2022.09.14"]
[Round "14.5"]
[White "Gelfand, Boris"]
[Black "Le, Quang Liem"]
[Result "1/2-1/2"]
[ECO "E11"]
[WhiteElo "2668"]
[BlackElo "2728"]
[Annotator "TA"]
[PlyCount "77"]
[EventDate "2022.09.12"]
[EventType "tourn"]
[EventCountry "NET"]
[SourceTitle "playchess.com"]
[Source "ChessBase"]
[SourceQuality "1"]
[TimeControl "900+10"]

1. d4 Nf6 2. c4 e6 3. Nf3 d5 4. g3 Bb4+ 5. Bd2 a5 6. Bg2 O-O 7. Qc2 c5 {[%emt 0:00:02] E11: Bogo-Indian.} 8. cxd5 $1 {[%emt 0:00:14] 8.cxd5 scores better than 8.dxc5.} cxd4 9. Nxd4 Qb6 {[%emt 0:00:01] White is slightly better.} 10. e3 exd5 11. a3 Bxd2+ 12. Nxd2 ({Don't play} 12. Kxd2 Nc6 13. Qb3 Ra6 $17) 12... Nc6 13. N2f3 Bg4 14. O-O Rac8 {[%emt 0:00:03] [#] aiming for ...Nxd4.} 15. Qd3 Ne4 16. Rab1 {[%emt 0:02:44] [#]} Rfe8 $146 ({Predecessor:} 16... Bh5 17. Bh3 Nxd4 18. Nxd4 Rc5 19. b4 Rc3 20. Qb5 Qxb5 21. Nxb5 Rc4 22. Rb2 axb4 23. axb4 Ra8 24. Rfb1 Kf8 25. Bf1 Rcc8 26. Bh3 Rc4 27. Bf1 Rcc8 28. Bh3 {½-½ (28) Wojtaszek,R (2717)-Huschenbeth,N (2605) Warsaw 2020}) 17. Rfc1 h6 18. Nxc6 bxc6 19. b4 axb4 (19... c5 {is more complex.} 20. h3 Bxf3 21. Bxf3 cxb4 22. Rxc8 Rxc8 23. axb4 axb4 24. Qxd5 Nc3) 20. axb4 Bxf3 (20... c5 $5 21. Nd2 (21. Qxd5 $2 Qf6 $19) 21... cxb4 22. Rxc8 Bxc8 23. Nxe4 dxe4 $11) 21. Bxf3 Rb8 22. Qc2 Re6 {[%emt 0:00:36] The position is equal.} 23. Bxe4 (23. h4 {feels hotter.} Qb7 24. Kg2 Qe7 25. Bxe4 dxe4 26. Qb2) 23... Rxe4 24. Qxc6 Qxc6 25. Rxc6 {[%emt 0:00:02] Threatening b5.} Rexb4 26. Rxb4 Rxb4 $11 {[%emt 0:00:00][%mdl 4096] Endgame KR-KR} 27. Rc8+ Kh7 28. Rd8 Rb5 29. g4 Kg6 30. Kg2 h5 31. h3 hxg4 32. hxg4 Kf6 33. Kg3 g5 34. Ra8 Rb6 35. Rd8 Ke6 36. Re8+ Kf6 37. Rd8 Ke6 38. Re8+ Kf6 39. Rd8 {[%emt 0:00:01] Weighted Error Value: White=0.05 (flawless) /Black=0.04 (flawless)} 1/2-1/2

[Event "Julius Baer Generation Cup Prelims 2022"]
[Site "Online"]
[Date "2022.09.14"]
[Round "14.6"]
[White "Yoo, Christopher Woojin"]
[Black "Adhiban, B.."]
[Result "1-0"]
[ECO "A04"]
[WhiteElo "2563"]
[BlackElo "2603"]
[Annotator "TA"]
[PlyCount "115"]
[EventDate "2022.09.12"]
[EventType "tourn"]
[EventCountry "NET"]
[SourceTitle "playchess.com"]
[Source "ChessBase"]
[SourceQuality "1"]
[TimeControl "900+10"]

1. Nf3 f5 2. d3 d6 3. e4 e5 4. Nc3 Nc6 5. d4 fxe4 6. Nxe4 {[%emt 0:01:35] A04: Unusual lines after 1 Nf3 and King's Indian Attack.} d5 7. Nc3 e4 $1 (7... exd4 8. Nxd4 Nf6 9. Bb5 $11) 8. Ng1 {[%emt 0:00:40] Black is slightly better.} Nf6 {[%emt 0:00:44] [#] Against Qh5+} 9. Bg5 $146 ({Predecessor:} 9. Bb5 Be7 10. h3 O-O 11. Nge2 a6 12. Ba4 b5 13. Bb3 Na5 14. O-O c6 15. Ng3 Kh8 16. Nce2 {0-1 (36) Onal,O (1461)-Minas,I (2019) Skopje 2013}) 9... Bb4 10. Nge2 h6 11. Bh4 {[%emt 0:00:09] [#]} O-O $1 12. a3 Be7 13. h3 {[%emt 0:01:04] Inhibits Ng4.} Be6 14. Qd2 Nh5 15. Bxe7 Qxe7 16. g4 {[%emt 0:00:26] [#]} Qf6 $1 17. O-O-O Nf4 18. Ng3 (18. Nxe4 $1 $15 dxe4 19. Nxf4 Qxf4 20. Qxf4 Rxf4 21. d5) 18... Ng6 {[%emt 0:00:27] [#]} ({Black should play} 18... Ne7 $17 {And now ...c6 would win.} 19. Kb1 Rad8) 19. Ngxe4 $1 $11 dxe4 20. d5 $1 Rad8 {[%emt 0:00:36] Threatens to win with ...Nf4.} (20... Qxf2 21. Qxf2 Rxf2 22. dxe6 $16 (22. dxc6 bxc6 23. Nxe4 Rf7 $14)) 21. Qe3 Bd7 ({But not} 21... Qxf2 22. Qxf2 Rxf2 23. dxc6 Rxd1+ 24. Nxd1 $16) (21... Bxd5 $5 22. Rxd5 Qxf2 23. Qxf2 Rxf2 $14) 22. dxc6 Bxc6 23. Rxd8 Rxd8 24. Bg2 Rf8 25. Nxe4 Qf4 26. Re1 Nh4 27. Bh1 Nf3 $1 28. Bxf3 Qxf3 29. Ng3 Qxf2 30. Nf5 Qxe3+ 31. Rxe3 {[%emt 0:00:00][%mdl 4096] Endgame KRB-KRN} Bd7 32. Nd4 Rf4 33. Nf3 Bc6 34. Ne5 Re4 35. Kd2 Rxe3 36. Kxe3 {[%emt 0:00:02] KB-KN} Bg2 37. h4 Kf8 38. Ng6+ Ke8 (38... Kf7 $5 39. Nf4 Bh1 $11) 39. Nf4 Bc6 40. Ne6 g6 41. Nf4 ({Don't go for} 41. Nxc7+ $2 Kd7 42. Na8 b5 $19) 41... Bd7 42. Nd5 Bc6 {[%emt 0:00:15] [#]} (42... Kf7 $11) 43. Nb4 ({Not} 43. Nxc7+ $2 Kd7 44. Na8 b5 $19) ({Better is} 43. Kd4 $1 $16) 43... Bd7 44. Kf4 Ke7 $1 45. g5 hxg5+ 46. Kxg5 Kf7 47. Nd5 c6 (47... Bf5 $1 $11) 48. Nf4 $16 Bf5 49. h5 Bxc2 {[%emt 0:00:01] ...gxh5 is the strong threat.} 50. hxg6+ Ke7 51. Ng2 (51. Kh6 $16) 51... a5 $2 {[%emt 0:00:13][%mdl 8192] Black cannot hold the game after this.} (51... Bxg6 $11 52. Kxg6 Ke6) 52. Ne3 $18 Bb1 53. Nc4 a4 54. Nb6 Bc2 55. g7 Kf7 56. Kh6 {[%emt 0:00:02] aiming for Nd7.} Kg8 57. Nd7 Kf7 {[%emt 0:00:14] [#]} 58. Nf6 $1 {[%emt 0:00:03][%mdl 512] Weighted Error Value: White=0.13 (very precise) /Black=0.26 (precise)} 1-0

[Event "Julius Baer Generation Cup Prelims 2022"]
[Site "Online"]
[Date "2022.09.14"]
[Round "14.8"]
[White "Keymer, Vincent"]
[Black "Erigaisi Arjun"]
[Result "1-0"]
[ECO "D37"]
[WhiteElo "2693"]
[BlackElo "2725"]
[Annotator "TA"]
[PlyCount "203"]
[EventDate "2022.09.12"]
[EventType "tourn"]
[EventCountry "NET"]
[SourceTitle "playchess.com"]
[Source "ChessBase"]
[SourceQuality "1"]
[TimeControl "900+10"]

1. Nf3 a6 2. d4 Nf6 3. c4 e6 4. Nc3 d5 5. cxd5 exd5 6. Bg5 {[%emt 0:00:01] D37: Queen's Gambit Declined: 5 Bf4.} Be6 7. e3 Nbd7 8. Bd3 {[%emt 0:00:03] White has an edge.} Bd6 9. h3 c6 10. Bf4 Qc7 11. Qd2 O-O 12. O-O Rfe8 13. Rfe1 h6 14. Rac1 Nh5 15. Bxd6 Qxd6 16. Qc2 {[%emt 0:01:57] [#]} Rac8 $146 ({Predecessor:} 16... g6 17. Ne2 Ng7 18. Ng3 a5 19. Qd2 f5 20. Nh4 Bf7 21. f4 Qb4 22. Rc3 c5 {1-0 (35) Albornoz Cabrera,C (2578)-Gedajlovic,M (2316) Maia 2022}) 17. Na4 Nhf6 18. Nd2 a5 19. Nc3 b5 20. b3 Nb6 21. Ne2 Nfd7 {[%emt 0:00:32] Prevents Qc5.} 22. Nf4 b4 23. Nxe6 fxe6 24. e4 (24. Ba6 {seems wilder.} Rc7 25. Qg6 Rd8 26. Rc2) 24... dxe4 (24... c5 $14) 25. Nxe4 $16 ({Resist} 25. Bxe4 $6 Qxd4 26. Nf3 Qd6 $14) (25. Rxe4 c5 $16) 25... Qf8 (25... Qxd4 $2 26. Rcd1 Nd5 27. Nd6 $18) 26. Nd2 (26. Ba6 $142) 26... c5 27. Ba6 Ra8 28. dxc5 Rxa6 29. cxb6 Rxb6 30. Nc4 {[%emt 0:00:01][%csl LRa5,LRb6] Prevents Rd6.} Ra6 31. Qe2 {[%emt 0:00:52] White is more active.} Nf6 32. Rcd1 $36 {[%emt 0:00:23][%mdl 2048] White fights for an advantage.} (32. Ne5 $5 Qd6 33. Qb5 $16) 32... Rd8 33. Qe5 Nd5 34. Rd3 Qf6 35. Qe4 a4 (35... Rf8 $1 $11 {remains equal.}) 36. Ne5 (36. Rf3 $142 Qe7 37. Ne5) 36... Nc3 (36... axb3 $16 37. axb3 Rf8) 37. Qxb4 Rxd3 38. Nxd3 {[%emt 0:00:00][%cal Be5d3,Bd3f4,Bf4h5][%mdl 32] Strongly threatening Nc5.} axb3 39. axb3 Ra2 40. Qg4 {[%emt 0:00:46] Against Ne2+} Qf5 41. Nf4 Qxg4 42. hxg4 $14 {[%emt 0:00:00][%mdl 4096] Endgame KRN-KRN} Rb2 43. Rxe6 Rxb3 44. Re8+ Kh7 ({Better is} 44... Kf7 45. Rc8 Nb5) 45. Re7 $16 Kg8 46. Nh5 g5 47. Re3 Rb1+ 48. Kh2 Nd5 (48... Nd1 $142) 49. Re5 Nb4 50. Rb5 Rb2 51. Rb8+ Kf7 52. Rb7+ Kf8 $2 {[%emt 0:00:12][%mdl 8192] [#]} (52... Kg8 $16) 53. Ng3 $1 $18 Nd3 (53... Ke8 $142 54. Rb6 Nd3 55. Rxb2 (55. Rxh6 Nxf2 56. Ra6 Nxg4+ 57. Kh3 Nf2+ 58. Kh2 Kd7 $11) 55... Nxb2) 54. Rxb2 Nxb2 {[%emt 0:00:00] KN-KN} 55. Nf5 Nd3 56. Kg3 Nc5 57. Nxh6 Kg7 58. Nf5+ Kf6 59. Kf3 Nd3 60. Ne3 Ke5 61. g3 {[%emt 0:00:06] [#] Threatening mate with Ke2.} Nc5 62. Nc4+ (62. Nf5 $142 Na4 63. Ke3 Nc3 64. f4+ Kf6 65. Nd6 Ke7 66. Ne4 (66. fxg5 Nd5+ 67. Kd4 Kxd6 $11) 66... gxf4+ 67. gxf4 Nd5+ 68. Kf3) 62... Kd5 63. Nd2 {[%emt 0:00:01] White mates.} Nd7 64. Ke3 Ne5 65. f3 Nf7 66. Ne4 Ke6 67. Kd4 Ke7 68. Kd5 Kd7 69. Nc5+ Ke7 70. Nd3 Kf6 71. Nf2 Ke7 72. Nd1 Kf6 73. Nc3 Ke7 74. Nb5 Kf6 75. Nd6 Nd8 76. Ne4+ Kg6 77. Kd6 Nb7+ 78. Ke7 Na5 79. Nd2 Nc6+ 80. Kd6 Nd4 81. Kd5 Nc2 82. Ke5 Ne1 83. Ke4 Nc2 84. Nc4 Kf6 85. Ne3 Na3 86. f4 Nb1 87. Nd5+ Ke6 88. f5+ Kd6 89. Nf6 Nd2+ 90. Ke3 Nf1+ 91. Kf2 Nd2 92. Ke2 Nc4 93. Ne4+ Kd5 94. Nxg5 Ne5 95. f6 Kd6 96. Ne4+ Kd5 97. Ke3 Nxg4+ 98. Kf4 Ne5 99. Kf5 Nf7 100. Ng5 Nd6+ 101. Kg6 Kd4 102. f7 {[%emt 0:00:03] Weighted Error Value: White=0.10 (very precise) /Black=0.37} 1-0

[Event "Julius Baer Generation Cup Prelims 2022"]
[Site "Online"]
[Date "2022.09.14"]
[Round "15.1"]
[White "Erigaisi Arjun"]
[Black "Giri, Anish"]
[Result "0-1"]
[ECO "B51"]
[WhiteElo "2725"]
[BlackElo "2764"]
[Annotator "TA"]
[PlyCount "114"]
[EventDate "2022.09.12"]
[EventType "tourn"]
[EventCountry "NET"]
[SourceTitle "playchess.com"]
[Source "ChessBase"]
[SourceQuality "1"]
[TimeControl "900+10"]

1. e4 c5 2. Nf3 d6 3. Bb5+ Nd7 4. O-O a6 5. Bd3 Ngf6 6. Re1 {[%emt 0:00:04] B51: Sicilian: Moscow Variation (3 Bb5+) without 3...Bd7.} Qc7 7. a4 b6 {[%emt 0:00:15] [#]} 8. c4 $146 {[%emt 0:01:59][%cal Oa4a5] The position is equal.} ({Predecessor:} 8. c3 Bb7 9. Bc2 c4 10. b3 cxb3 11. Bxb3 Nc5 12. d3 Nxb3 13. Qxb3 e6 14. c4 {½-½ (65) Studer,N (2403)-Kargin,A (2444) Marianske Lazne 2015}) 8... e6 9. Nc3 Be7 10. Bf1 O-O 11. h3 (11. d4 $142) 11... Ne5 $11 12. d3 Nfd7 13. Be3 Bf6 14. Rc1 Nxf3+ 15. Qxf3 Ne5 16. Qg3 Nc6 17. f4 Nd4 18. Qf2 Rb8 19. Kh1 Qd8 20. g3 Bd7 21. Bg2 (21. Rb1 $15) 21... b5 22. axb5 axb5 23. cxb5 (23. e5 $15 dxe5 24. Ne4) 23... Bxb5 $17 24. Red1 Bc6 25. Kh2 Rb3 26. e5 dxe5 ({Weaker is} 26... Bxg2 27. exf6 Ba8 28. Bxd4 cxd4 29. Ne4 $15) 27. Bxc6 Nxc6 28. Bxc5 exf4 29. gxf4 Bd4 30. Bxd4 Qxd4 31. Rd2 Rfb8 {[%emt 0:00:50] Black is more active.} 32. Ne4 Qxf2+ 33. Rxf2 (33. Nxf2 $17 {is a better defense.} Nb4 34. Kg3) 33... Nb4 $19 34. Nc5 Nxd3 35. Nxd3 Rxd3 36. Rc3 Rxc3 37. bxc3 {[%emt 0:00:00][%mdl 4096] Endgame [#] KR-KR} Rc8 38. Rf3 g6 39. Kg3 Kg7 40. Kf2 Kf6 41. Ke2 Kf5 42. Kd3 {[%emt 0:00:01] Prevents Rc4.} Rd8+ 43. Kc4 $2 {[%emt 0:00:31][%mdl 8192] This costs White the game.} (43. Ke3 $17 {nothing else works.}) 43... Rd1 {[%emt 0:00:30] White must now prevent ...Ke4.} 44. Kb5 Ke4 45. Rf2 Rc1 46. c4 Ke3 47. Ra2 f5 48. Ra6 Kxf4 {[%emt 0:00:08] Threatens to win with ...e5.} 49. Rxe6 {[%emt 0:00:01] [#]} Kg3 $1 {[%emt 0:00:04] Black mates.} 50. Re7 Kxh3 51. Rxh7+ Kg4 52. c5 f4 53. c6 f3 54. Rf7 g5 55. Kb6 Kg3 56. c7 f2 57. Kb7 g4 {[%emt 0:00:11] Weighted Error Value: White=0.36/Black=0.04 (flawless)} 0-1